 Dungeon Crawl Stone Soup version 0.21-a0-434-g806c6c2 (webtiles) character file.

11 HAL9000 the Chucker (level 2, -1/27 HPs)
             Began as a Troll Hunter on Nov 8, 2017.
             Succumbed to a goblin's poison
             ... on level 1 of the Dungeon.
             The game lasted 00:01:50 (245 turns).

HAL9000 the Chucker (Troll Hunter)                   Turns: 245, Time: 00:01:51

Health: -1/27      AC:  5    Str: 19    XL:     2   Next: 17%
Magic:  1/1        EV: 10    Int:  7    God:
Gold:   6          SH:  0    Dex: 10    Spells: 1/1 levels left

rFire    . . .     SeeInvis .     - Unarmed
rCold    . . .     Gourm    +   (no shield)
rNeg     . . .     Faith    .   b - +0 robe
rPois    .         Spirit   .   (helmet restricted)
rElec    .         Reflect  .   (no cloak)
rCorr    .         Harm     .   (gloves unavailable)
MR       .....                  (boots unavailable)
Stlth    +.........             (no amulet)
HPRegen  0.49/turn              (no ring)
MPRegen  0.07/turn              (no ring)

@: lethally poisoned (-1 -> -10)
A: unfitting armour, claws 3, fast metabolism 3, gourmand, regeneration 1,
shaggy fur 1, tough skin 2
a: no special abilities


You were on level 1 of the Dungeon.
You were not hungry.

You visited 1 branch of the dungeon, and saw 1 of its levels.

You collected 6 gold pieces.

Inventory:

Hand Weapons
 a - a +0 short sword
Missiles
 c - 5 large rocks (quivered)
 d - 2 throwing nets
Armour
 b - a +0 robe (worn)
Scrolls
 g - a scroll of fog {unknown}
 h - a scroll of identify {unknown}
 i - a scroll of amnesia {unknown}
Comestibles
 f - 2 bread rations


   Skills:
 - Level 1.5 Fighting
 - Level 3.6 Throwing
 - Level 1.5 Dodging
 - Level 0.3 Stealth
 + Level 1.9 Unarmed Combat


You had one spell level left.
You didn't know any spells.

Dungeon Overview and Level Annotations

Branches:
Dungeon (1/15)

Altars:


Innate Abilities, Weirdness & Mutations

You are too large for most types of armour.
You have claws for hands.
Your metabolism is lightning-fast.
You like to eat raw meat.
Your natural rate of healing is unusually fast.
You are covered in fur. (AC +1)
You have very tough skin. (AC +2)


Message History

You feel sick. The bat hits you but does no damage.
You feel very sick. The bat hits you but does no damage.
Things that are here:
a dagger of venom; a goblin corpse You barely miss the bat.
You feel very sick. The bat hits you but does no damage.
* * * LOW HITPOINT WARNING * * *
You feel sick. The bat barely misses you.
* * * LOW HITPOINT WARNING * * *
You feel sick. The bat hits you but does no damage.
Found 9 gold pieces.
* * * LOW HITPOINT WARNING * * *
You feel sick. The bat hits you but does no damage.
* * * LOW HITPOINT WARNING * * *
You feel sick. The bat closely misses you.
* * * LOW HITPOINT WARNING * * *
You feel sick. The bat hits you but does no damage. The bat closely misses you.
You die...

#.#.##.†#.# #...
#.##..#.# #..#
#.##..#.# ###..#
#.##..# # ....##
#.##..# ....#
#.##..# #..#
##.##..#
#.[#######...#..#
#b@..)...)...#..#
#...............#
##.#.#########....
#.#.# .### #.#.# #
#.#.# #.#.# .$..#
.#


You could see a bat.

Vanquished Creatures
  4 goblins (D:1)
  2 hobgoblins (D:1)
  2 kobolds (D:1)
  2 rats (D:1)
10 creatures vanquished.

Notes
Turn   | Place    | Note
-------+----------+-------------------------------------------
     0 | D:1      | HAL9000 the Troll Hunter began the quest for the Orb.
     0 | D:1      | Reached XP level 1. HP: 19/19 MP: 0/0
    86 | D:1      | Reached skill level 1 in Unarmed Combat
   136 | D:1      | Reached XP level 2. HP: 27/27 MP: 1/1
   244 | D:1      | HP: 1/27 [poisoned by a goblin]
   245 | D:1      | Succumbed to a goblin's poison

Vault maps used:
D:1:      eino_arrival_cavern_a

Skill      XL: |  1 |
---------------+----+-----
Unarmed Combat | 1 |  1.9
Fighting       | |  1.5
Throwing       | |  3.6
Dodging        | |  1.5
Stealth        | |  0.3

Action                   || total
-------------------------++-------
Melee: Unarmed           ||    29
Armor: Robe              ||    20
Dodge: Dodged            ||    15

Table legend:
 A = Spawn XP
 B = Non-spawn XP
 C = Spawn XP percentage of total XP
 D = Spawn monster count
 E = Non-spawn monster count
 F = Spawn count percentage of total count
 G = Total turns spent on level
                    A         B        C        D         E        F      G
               +---------+---------+-------+---------+---------+-------+---------
         Total |       0 |      17 |   0.0 |       0 |      10 |   0.0 |   245
               +---------+---------+-------+---------+---------+-------+---------
           D:1 |       0 |      17 |   0.0 |       0 |      10 |   0.0 |   245
               +---------+---------+-------+---------+---------+-------+---------
